AoeStats
← michaelnaro

MegaRandom

510838524Analyzed
2v2 RM · 12h ago on Oct 2, 2026· 63m 31s· 4 players
Game mode
Random Map
Map size
Medium (4 player)
Population
200
Speed
Normal
Resources
Standard
Victory
Conquest
Starting age
Dark Age
Ending age
Imperial Age
RankedLock teamsTeams togetherTeam positionsShared explorationLock speedFull tech treeHidden civsTurbo modeCheats
Victory
Defeat
🇦🇷 Lithuanians · Argentina
583
+15
🇬🇧 Tatars · United Kingdom
499
+19
🇮🇱 Portuguese · Israel
568
-17
🇮🇱 Britons · Israel
561
-17
michaelnaro
5:29 Loom
11:34 Feudal Age
12:00 Double-Bit Axe
12:00 Horse Collar
13:00 Wheelbarrow
13:05 Gold Mining
16:03 Town Watch
18:40 Castle Age
17:51 Forging
17:45 Stone Mining
20:38 Scale Mail Armor
20:28 Pikeman
21:56 Gambesons
22:30 Bow Saw
22:23 Heavy Plow
25:25 Caravan
26:06 Iron Casting
26:32 Arson
27:57 Hand Cart
27:10 Man-at-Arms
30:02 Stone Shaft Mining
30:32 Fletching
30:39 Fishing Lines
31:50 Gillnets
32:03 Bodkin Arrow
33:32 Town Patrol
34:10 Treadmill Crane
35:27 Chain Mail Armor
34:37 Long Swordsman
35:33 Masonry
41:48 Heated Shot
44:59 Imperial Age
44:40 Murder Holes
47:26 Plate Mail Armor
49:21 Halberdier
53:34 Elite Organ Gun
54:28 Bracer
58:00 Chemistry
Pablecito
10:37 Loom
13:20 Feudal Age
14:03 Town Watch
14:08 Horse Collar
15:08 Double-Bit Axe
25:06 Castle Age
23:17 Man-at-Arms
25:59 Elite Skirmisher
26:00 Crossbowman
26:03 Long Swordsman
26:29 Gambesons
26:45 Squires
26:05 Pikeman
29:30 Heavy Plow
30:57 Bow Saw
34:39 Padded Archer Armor
34:30 Fletching
34:50 Forging
34:41 Scale Mail Armor
41:30 Imperial Age
42:01 Leather Archer Armor
41:43 Bodkin Arrow
42:04 Chain Mail Armor
50:53 Halberdier
53:28 Plate Mail Armor
53:33 Iron Casting
52:59 Bracer
53:30 Ring Archer Armor
58:26 Town Patrol
59:01 Wheelbarrow
59:52 Blast Furnace
59:45 Caravan
61:18 Capped Ram
g_c_matthews_2000
0:41 Loom
12:30 Feudal Age
13:00 Double-Bit Axe
13:00 Horse Collar
15:09 Wheelbarrow
20:49 Castle Age
19:11 Gold Mining
19:58 Forging
20:51 Scale Mail Armor
20:53 Stone Mining
21:51 Bow Saw
21:33 Town Watch
22:15 Heavy Plow
22:29 Squires
23:41 Pikeman
24:29 Fletching
26:20 Gold Shaft Mining
27:32 Husbandry
29:01 Scale Barding Armor
30:24 Treadmill Crane
34:16 Fortified Wall
37:43 Imperial Age
36:23 Bodkin Arrow
37:04 Iron Casting
36:51 Chain Barding Armor
36:32 Padded Archer Armor
38:54 Bloodlines
38:12 Capped Ram
39:16 Conscription
39:27 Timurid Siegecraft
41:34 Bracer
44:19 Hand Cart
44:21 Masonry
44:07 Murder Holes
44:34 Ballistics
45:40 Cavalier
47:44 Blast Furnace
48:59 Guard Tower
50:10 Chemistry
56:47 Elite Keshik
63:52 Herbal Medicine
StWhat
4:10 Loom
10:13 Feudal Age
11:47 Scale Barding Armor
12:55 Forging
14:35 Fletching
17:26 Wheelbarrow
21:53 Bloodlines
27:17 Castle Age
25:03 Town Watch
27:50 Light Cavalry
28:30 Husbandry
32:08 Hand Cart
33:21 Fervor
34:36 Horse Collar
42:55 Imperial Age
41:26 Ballistics
41:06 Murder Holes
40:51 Treadmill Crane
43:39 Town Patrol
44:43 Chemistry
43:34 Guard Tower
43:49 Cavalier
46:52 Chain Barding Armor
47:08 Iron Casting
50:13 Heavy Plow
50:53 Plate Barding Armor
50:12 Paladin
52:38 Caravan
56:32 Conscription
Connection lost

Rejoining the realm…

Still unreachable

The connection could not be restored.

Session expired

The server has moved on; the page needs a fresh start.